 Dungeon Crawl Stone Soup version 0.14-a0-2986-gd1872aa (webtiles) character file.

2957 Kae the Covert (level 9, -5/39 HPs)
             Began as a Spriggan Enchanter on Mar 6, 2014.
             Was a Believer of Dithmenos.
             Blown up by Erolcha (7 damage)
             ... with a wand of disintegration
             ... on Level 8 of the Dungeon.
             The game lasted 00:14:29 (6650 turns).

Kae the Covert (Spriggan Enchanter)                 Turns: 6650, Time: 00:14:29

HP  -5/39        AC  9     Str  7      XL: 9   Next: 42%
MP   1/27        EV 25     Int 16      God: Dithmenos [**....]
Gold 195         SH  0     Dex 17      Spells:  3 memorised, 16 levels left

rFire  . . .     SeeInvis +     b - +3,+0 dagger (venom)
rCold  . . .     Clarity  .     g - +2 robe
rNeg   . . .     Conserve .     (shield restricted)
rPois  .         rCorr    +     (helmet restricted)
rElec  .         rRot     .     e - +0 elf cloak
SustAb . .       Spirit   .     (gloves unavailable)
rMut   .         Warding  .     (boots unavailable)
Saprov . . .     Stasis   .     x - amulet of resist corrosion {unknown}
MR     +....                    z - +5 ring of evasion
                                y - +4 ring of protection

@: wreathed by umbra, very quick, somewhat resistant to hostile enchantments,
extraordinarily stealthy
A: unfitting armour, see invisible, herbivore 3, speed 3, slow metabolism 2
a: Shadow Step, Renounce Religion


You were on level 8 of the Dungeon.
You worshipped Dithmenos.
Dithmenos was pleased with you.
You were hungry.

You visited 1 branch of the dungeon, and saw 8 of its levels.

You collected 392 gold pieces.
You spent 197 gold pieces at shops.

Inventory:

Hand weapons
 a - a +1,+0 dagger
 b - a +3,+0 dagger of venom (weapon)
Missiles
 d - 12 darts (quivered)
Armour
 e - a +0 elven cloak (worn)
 g - a +2 robe (worn)
Magical devices
 m - a wand of draining (7)
 q - a wand of frost (23)
 t - a wand of slowing (12)
 v - a wand of lightning (8)
 A - a wand of slowing (12)
Comestibles
 h - a slice of pizza
 n - a rambutan
 B - 3 bread rations
 D - 2 apples
 E - 9 strawberries
Scrolls
 k - 6 scrolls of identify
 o - a scroll of blinking
 s - 4 scrolls of teleportation
 w - 2 scrolls of recharging
Jewellery
 x - an amulet of resist corrosion (around neck) {unknown}
 y - a +4 ring of protection (left hand)
 z - a +5 ring of evasion (right hand)
Potions
 i - 2 potions of speed
 j - 4 potions of heal wounds
 l - 2 potions of restore abilities
 p - a potion of confusion {unknown}
 r - 3 potions of might
 u - 2 potions of curing
 H - a potion of agility {unknown}
Books
 c - a book of Maledictions

   Spells                             Type                      Level
   *Corona                            Hexes                        1
   Sure Blade                         Hexes/Charms                 2
   *Ensorcelled Hibernation           Hexes/Ice                    2
   *Confuse                           Hexes                        3
   Enslavement                        Hexes                        4
   Invisibility                       Hexes                        6
 f - a book of Frost

   Spells                             Type                      Level
   Freeze                             Ice                          1
   Throw Frost                        Conjuration/Ice              2
   Ozocubu's Armour                   Charms/Ice                   3
   Throw Icicle                       Conjuration/Ice              4
   Summon Ice Beast                   Ice/Summoning                4
   Condensation Shield                Ice                          4
 C - a book of Beasts

   Spells                             Type                      Level
   Summon Butterflies                 Summoning                    1
   Sticks to Snakes                   Transmutation                2
   Call Canine Familiar               Summoning                    3
   Ice Form                           Ice/Transmutation            4
   Summon Ice Beast                   Ice/Summoning                4
   Summon Hydra                       Summoning                    7


   Skills:
 - Level 0.1 Fighting
 * Level 7.9 Short Blades
 - Level 1.1 Throwing
 - Level 4.4 Dodging
 * Level 11.6 Stealth
 + Level 7.0 Spellcasting
 + Level 7.2 Hexes


You had 16 spell levels left.
You knew the following spells:

 Your Spells              Type           Power        Failure   Level  Hunger
a - Corona                Hex            ####...      1%          1    None
b - Ensorcelled Hibernat  Hex/Ice        ###...       6%          2    None
c - Confuse               Hex            ####....     1%          3    ##.....


Dungeon Overview and Level Annotations

Branches:
Dungeon (8/16)             Temple (0/1) D:7
   Lair: D:8-11

Altars:
Cheibriados
Dithmenos
Makhleb
Nemelex Xobeh
Xom
The Shining One

Shops:
D:4 (*(   D:5 *

Annotations:
D:8 Erolcha


Innate Abilities, Weirdness & Mutations

You are tiny and cannot use many weapons and most armour.
You have supernaturally acute eyesight.
You are a herbivore.
You cover ground extremely quickly.
You need consume almost no food.


Message History

You hit Erolcha but do no damage.
Erolcha looks even sicker.
Erolcha is moderately wounded.
Erolcha closely misses you.
You hit Erolcha but do no damage.
Erolcha is moderately wounded.
You hit Erolcha but do no damage.
Erolcha is moderately wounded.
Erolcha gestures at you while chanting. You resist with almost no effort.
You hit Erolcha.
Erolcha is moderately wounded.
You hit Erolcha.
Erolcha is heavily wounded.
Erolcha zaps a wand.
You are blasted!
Ouch! That really hurt!
* * * LOW HITPOINT WARNING * * *
You hit Erolcha but do no damage.
Erolcha is heavily wounded.
Erolcha zaps a wand.
You are blasted!
You die...

.. ##.##
.....
###.#.
......####
#..(...<#
#.......#
#.......#
#....@..#
#...O...#
#.......#
..........#
#####..####
#.. ...
###. .


You could see Erolcha (invisible).

Vanquished Creatures
  Pikel (D:7)
  Eustachio (D:7)
  A black bear (D:4)
  4 slaves (D:7)
  An ice beast (D:5)
  4 ogres
  A sky beast (D:5)
  An orc warrior (D:8)
  Duvessa (D:5)
  6 giant frogs
  A gnoll sergeant (D:6)
  A wyvern skeleton (D:7)
  2 killer bees (D:7)
  A goliath beetle (D:8)
  Dowan (D:5)
  3 crimson imps
  3 wights (D:6)
  A jelly (D:6)
  2 hounds
  A scorpion (D:6)
  2 iguanas
  2 orc priests
  3 orc wizards
  Natasha (D:5)
  2 worker ants (D:6)
  Ijyb (D:7)
  Jessica (D:2)
  5 gnolls
  4 adders
  A steam dragon skeleton (D:6)
  2 worms
  A giant eyeball (D:6)
  An ooze (D:2)
  10 orcs
  3 bat skeletons (D:6)
  4 giant cockroaches
  12 hobgoblins
  12 jackals
  2 ball pythons
  16 bats
  8 giant geckos
  5 giant newts
  11 goblins
  A jackal skeleton (D:4)
  12 kobolds
  16 rats
175 creatures vanquished.

Vanquished Creatures (others)
  A worker ant (D:6)
  A hound (D:6)
  A giant gecko (D:6)
  2 hobgoblins (D:6)
  A giant cockroach (D:6)
  A rat (D:6)
7 creatures vanquished.

Grand Total: 182 creatures vanquished

Notes
Turn   | Place    | Note
--------------------------------------------------------------
     0 | D:1      | Kae, the Spriggan Enchanter, began the quest for the Orb.
     0 | D:1      | Reached XP level 1. HP: 9/9 MP: 4/4
   306 | D:1      | Reached XP level 2. HP: 10/13 MP: 7/7
   474 | D:1      | Learned a level 2 spell: Ensorcelled Hibernation
   821 | D:1      | Reached skill level 4 in Hexes
  1368 | D:2      | Reached XP level 3. HP: 11/16 MP: 2/10
  1712 | D:2      | Found a sparkling altar of Nemelex Xobeh.
  1717 | D:2      | Reached XP level 4. HP: 21/21 MP: 13/13
  1894 | D:2      | Noticed Jessica
  1910 | D:2      | Killed Jessica
  2053 | D:3      | Found a shadowy altar of Dithmenos.
  2068 | D:3      | Became a worshipper of Dithmenos
  2332 | D:3      | Reached skill level 5 in Stealth
  2332 | D:3      | Reached XP level 5. HP: 4/24 MP: 0/16
  3098 | D:4      | Learned a level 3 spell: Confuse
  3101 | D:4      | Found a snail-covered altar of Cheibriados.
  3200 | D:4      | Found a glowing golden altar of the Shining One.
  3220 | D:4      | Found Pnuskih's Antique Weapon Boutique.
  3319 | D:4      | Noticed an ogre
  3326 | D:4      | Killed an ogre
  3326 | D:4      | Reached XP level 6. HP: 28/28 MP: 14/20
  3354 | D:4      | Found Kadann's General Store.
  3355 | D:4      | Noticed an ogre
  3364 | D:4      | Killed an ogre
  3364 | D:4      | Reached skill level 6 in Stealth
  3364 | D:4      | Reached skill level 5 in Hexes
  3518 | D:4      | Bought a potion of curing for 26 gold pieces
  3518 | D:4      | Bought a scroll of teleportation for 39 gold pieces
  3581 | D:4      | Noticed a black bear
  3589 | D:4      | Killed a black bear
  3589 | D:4      | Reached XP level 7. HP: 22/32 MP: 19/21
  3724 | D:4      | Found a burning altar of Makhleb.
  3739 | D:4      | Found Prosa's Antique Weapon Shoppe.
  3842 | D:4      | Reached skill level 7 in Stealth
  3939 | D:5      | Entered Level 5 of the Dungeon
  3956 | D:5      | Found Smewkus' Assorted Antiques.
  3963 | D:5      | Bought a runed dagger for 68 gold pieces
  3967 | D:5      | Bought a gluggy black potion for 30 gold pieces
  3967 | D:5      | Bought a scroll labeled NIAZUHYMAM for 34 gold pieces
  4021 | D:5      | Noticed Duvessa
  4028 | D:5      | Killed Duvessa
  4169 | D:5      | Noticed Dowan
  4203 | D:5      | Killed Dowan
  4473 | D:5      | Reached skill level 5 in Spellcasting
  4493 | D:5      | Reached skill level 5 in Short Blades
  4493 | D:5      | Reached skill level 8 in Stealth
  4556 | D:5      | Reached XP level 8. HP: 32/36 MP: 21/24
  4597 | D:5      | Acquired Dithmenos' first power
  4604 | D:5      | Noticed Natasha
  4609 | D:5      | Killed Natasha
  4673 | D:6      | Found a shimmering altar of Xom.
  4702 | D:6      | Reached skill level 9 in Stealth
  5193 | D:6      | Reached skill level 10 in Stealth
  5226 | D:6      | Paralysed by a giant eyeball for 2 turns
  5701 | D:7      | Noticed Ijyb
  5707 | D:7      | Killed Ijyb
  5824 | D:7      | Found a staircase to the Ecumenical Temple.
  5878 | D:7      | Noticed Pikel
  5944 | D:7      | Killed Pikel
  5944 | D:7      | Reached skill level 11 in Stealth
  5944 | D:7      | Reached XP level 9. HP: 21/39 MP: 1/27
  6239 | D:7      | Noticed Eustachio
  6246 | D:7      | Killed Eustachio
  6624 | D:8      | Noticed Erolcha
  6650 | D:8      | Blown up by Erolcha

Action                   |  1- 3 |  4- 6 |  7- 9 || total
-------------------------+-------+-------+-------++-------
Melee: Dagger            |   122 |   138 |   263 ||   523
 Cast: Corona            |     3 |       |     2 ||     5
       Ensorcelled Hiber |     7 |    37 |    69 ||   113
       Confuse           |       |       |    12 ||    12
Evoke: Wand              |       |       |     2 ||     2
  Use: Potion            |       |     1 |       ||     1
       Scroll            |       |       |    17 ||    17
 Stab: Sleeping          |    11 |    36 |    44 ||    91
       Distracted        |       |     1 |     3 ||     4
       Confused          |       |       |     3 ||     3
